 Dungeon Crawl Stone Soup version 0.29-a0-319-gad05b8d819 (webtiles) character file.

Game seed: 9232833547996430001

30 Morbidden the Skirmisher (level 3, 19/29 HPs)
             Began as a Demonspawn Fighter on Apr 2, 2022.
             Quit the game on level 2 of the Dungeon.
             The game lasted 00:00:39 (1071 turns).

Morbidden the Skirmisher (Demonspawn Fighter)       Turns: 1071, Time: 00:00:39

Health: 19/29      AC:  7    Str: 18    XL:     3   Next: 3%
Magic:  3/3        EV:  9    Int:  9    God:
Gold:   98         SH:  4    Dex: 12    Spells: 2/2 levels left

rFire   . . .      SeeInvis .   a - +0 war axe
rCold   . . .      Faith    .   c - +0 buckler
rNeg    . . .      Spirit   .   b - +0 scale mail
rPois   .          Reflect  .   (no helmet)
rElec   .          Harm     .   (no cloak)
rCorr   .          Rampage  .   (no gloves)
Will    .....                   (no boots)
Stlth   ..........              (no amulet)
HPRegen 0.09/turn               (no ring)
MPRegen 0.08/turn               (no ring)

@: mighty
A: rugged brown scales 1, demonic touch 1
a: no special abilities


You were on level 2 of the Dungeon.
You visited 1 branch of the dungeon, and saw 2 of its levels.

You collected 98 gold pieces.

Inventory:

Hand Weapons
 a - a +0 war axe (weapon)
Armour
 b - a +0 scale mail (worn)
 c - a +0 buckler (worn)
Scrolls
 f - 2 scrolls of identify {unknown}
 g - a scroll of fear {unknown}
 k - a scroll of amnesia {unknown}
Potions
 e - a potion of flight {unknown}
 h - a potion of lignification {unknown}
 i - a potion of brilliance {unknown}
 j - a potion of magic {unknown}


   Skills:
 + Level 3.1 Fighting
 + Level 2.4 Axes
 + Level 3.1 Armour
 + Level 0.1 Dodging
 + Level 2.8 Shields


You had 2 spell levels left.
You didn't know any spells.
Your spell library contained the following spells:

 Spells                   Type           Power      Damage    Failure   Level
 Corpse Rot               Necr/Air       0%         N/A       94%         2
 Poisonous Vapours        Pois/Air       0%         N/A       94%         2


Dungeon Overview and Level Annotations

Branches:
Dungeon (2/15)

Altars:

Annotations:
D:2 Robin


Innate Abilities, Weirdness & Mutations

You are partially covered in rugged brown scales. (AC +1, +3% HP)
Your touch may inflict minor irresistible damage on your foes.


Message History

You closely miss the goblin. You block the goblin's attack.
The goblin hits you with a +0 club. The goblin closely misses you.
You block the goblin's attack.
You feel very mighty all of a sudden. The goblin barely misses you.
The goblin hits you with a +0 club.
You closely miss the goblin.
The goblin is moderately wounded.
You slash the goblin!
You kill the goblin!
The hobgoblin no longer looks unusually strong. x2
The goblin hits you but does no damage.
Robin roars a battlecry!
The hobgoblins go into a battle-frenzy!
You slash the goblin!
You kill the goblin!
The hobgoblin no longer looks unusually strong.
Robin roars a battlecry!
The hobgoblin goes into a battle-frenzy!
The goblin barely misses you.
You barely miss the goblin.
The goblin no longer looks unusually strong. x2
The goblin hits you with a +0 dagger.
Unknown command.
You hit the goblin.
You kill the goblin!
Robin throws the goblin at you! The goblin hits you but does no damage.
You block the hobgoblin's attack.
You hit the hobgoblin.
You kill the hobgoblin!
You hit the goblin.
You kill the goblin!
The goblin no longer looks unusually strong.
Robin roars a battlecry!
The goblins go into a battle-frenzy!
You have reached level 3!
Your experience leads to an increase in your attributes!
Increase (S)trength, (I)ntelligence, or (D)exterity?
You feel stronger. x2; Your demonic ancestry asserts itself...
Your hands begin to faintly glow with unholy energy.
Are you sure you want to abandon this character and quit the game? (Confirm with "yes".)

#########
#....<..?
#........
#........
#........
.g#######........
g.ggg.g@).)......
.g#######.#####.
.## ##.# ... #..#
#.###.## ...#.#
#.#.# #...###
##....#


You could see Robin, 3 hobgoblins and 3 goblins.

Vanquished Creatures
  An endoplasm (D:1)
  A giant cockroach (D:1)
  7 goblins
  5 hobgoblins
  2 quokkas (D:1)
  2 ball pythons (D:1)
  5 frilled lizards (D:1)
  A kobold (D:1)
  3 rats (D:1)
27 creatures vanquished.

Vanquished Creatures (others)
  2 fungi (D:1)
2 creatures vanquished.

Grand Total: 29 creatures vanquished

Notes
Turn   | Place    | Note
-------+----------+-------------------------------------------
     0 | D:1      | Morbidden the Demonspawn Fighter began the quest for the
                  | Orb.
     0 | D:1      | Reached XP level 1. HP: 18/18 MP: 1/1
    44 | D:1      | Found a faded altar of an unknown god.
   225 | D:1      | Gained mutation: You are partially covered in rugged brown
                  | scales. (AC +1, +3% HP) [demonic ancestry]
   225 | D:1      | Reached XP level 2. HP: 18/24 MP: 2/2
  1054 | D:2      | Noticed Robin
  1071 | D:2      | Gained mutation: Your touch may inflict minor irresistible
                  | damage on your foes. [demonic ancestry]
  1071 | D:2      | Reached XP level 3. HP: 19/29 MP: 3/3
  1071 | D:2      | Quit the game

Illustrated notes

Levels and vault maps discovered:
D:1:      psy_arrival_statuary, layout_loops_ring,
          dreamdust_ecumenical_altar_grove, kennysheep_another_room
D:2:      minmay_chambers_of_twos, layout_rooms, uniq_robin, uniq_sigmund

Skill      XL: |  1  2 |
---------------+-------+-----
Axes           | 2 |  2.4
Armour         | 3 |  3.1
Fighting       | |  3.1
Dodging        | |  0.1
Shields        | |  2.8

Action                   || total
-------------------------++-------
Melee: War axe           ||    60
  Use: Potion            ||     1
Armor: Scale mail        ||    29
Dodge: Dodged            ||    29
Block: Buckler           ||    16

Table legend: (Time is in decaauts)
 A = Elapsed time spent in this place.
 B = Non-inter-level travel time spent in this place.
 C = Inter-level travel time spent in this place.
 D = Time resting spent in this place.
 E = Time spent auto-exploring this place.
 F = Levels seen in this place.
 G = Mean time per level.
                   A        B        C        D        E       F      G
               +--------+--------+--------+--------+--------+-----+--------+
         Total |   1097 |   1068 |     29 |      0 |    912 |   2 |  548.5 |
       Dungeon |   1097 |   1068 |     29 |      0 |    912 |   2 |  548.5 |
               +--------+--------+--------+--------+--------+-----+--------+

Top non-repeatable levels by time:
     D:1: 1049 daAuts
     D:2: 48 daAuts
